[Event "Titled Tuesday Blitz April 4 Late 2023"]
[White "Averjanov, Alexey"]
[Black "Liu, Casper"]
[WhiteFideId "14109867"]
[BlackFideId "1454153"]
[WhiteElo "2626"]
[BlackElo "2221"]
[Result "1-0"]
[Round "08"]
[TimeControl "180+2"]
[Date "2023.04.04"]
[WhiteClock "0:00:45"]
[BlackClock "0:00:01"]

1. d4 Nc6 2. Nf3 d6 3. c4 Bg4 4. Nbd2 e5 5. d5 Nce7 6. h3 Bh5 7. Qb3 Qc8 8. g4 Bg6 9. Nh4 h5 10. Nxg6 Nxg6 11. g5 h4 12. Rg1 N8e7 13. Rg4 c6 14. Bg2 Nf4 15. e4 Neg6 16. Bf1 Be7 17. Nf3 f5 18. exf5 Qxf5 19. dxc6 bxc6 20. Bd2 Qe4+ 21. Qe3 Qc2 22. Bc3 O-O 23. Rc1 Qf5 24. Rd1 Rad8 25. Bb4 d5 26. Bxe7 Nxe7 27. Nxh4 Qc2 28. Qd2 Qh7 29. c5 Qe4+ 30. Qe3 Qb4+ 31. Rd2 d4 32. Qxe5 Rfe8 33. Kd1 Ned5 34. Qxd4 Qb8 35. Nf5 Ne3+ 36. fxe3 Rxd4 37. Rxd4 Nd5 38. Bc4 Qxb2 39. e4 Qa1+ 40. Kc2 Qe1 41. exd5 Rb8 42. dxc6+ Kh7 43. g6+ Kh8 44. Rh4+ Qxh4 45. Nxh4 1-0


[Site "https://www.chess.com"]

[Event "Titled Tuesday Blitz April 4 Late 2023"]
[White "ArchibaldCerveza29"]
[Black "Perske, Thore"]
[BlackFideId "12902195"]
[WhiteElo "2421"]
[BlackElo "2336"]
[Result "1-0"]
[Round "08"]
[TimeControl "180+2"]
[Date "2023.04.04"]
[WhiteClock "0:00:07"]
[BlackClock "0:00:03"]

1. e4 c6 2. d4 d5 3. exd5 cxd5 4. c4 Nf6 5. Nc3 Nc6 6. Nf3 Bg4 7. cxd5 Nxd5 8. Qb3 Bxf3 9. gxf3 e6 10. Qxb7 Nxd4 11. Bb5+ Nxb5 12. Qc6+ Ke7 13. Qc5+ Nd6 14. Nxd5+ exd5 15. O-O Qb6 16. Qxd5 Re8 17. Be3 Qb5 18. Bc5 Kd7 19. Rfd1 Re6 20. Rac1 Be7 21. a4 Qa6 22. b4 Rc8 23. b5 Qxa4 24. Ra1 Qxb5 25. Rxa7+ Ke8 26. Ra8 Rxa8 27. Qxa8+ Kd7 28. Qa7+ Kd8 29. Bb6+ Ke8 30. Qb8+ Kd7 31. Qc7+ Ke8 32. Qb8+ Kd7 33. Rc1 Rg6+ 34. Kh1 Qd5 35. Qc7+ Ke6 36. Re1+ Kf5 37. Qc2+ Kf6 38. Qc3+ Kf5 39. Rxe7 Nc8 40. Re1 Nxb6 41. Qc2+ Kf6 42. Qc3+ Kg5 43. Re5+ Qxe5 44. Qxe5+ Kh6 45. h4 1-0


[Site "https://www.chess.com"]

[Event "Titled Tuesday Blitz April 4 Late 2023"]
[White "Mendez Fortes, Eduardo Jesus"]
[Black "Kielinkei"]
[WhiteFideId "3502376"]
[WhiteElo "2307"]
[BlackElo "2418"]
[Result "1-0"]
[Round "08"]
[TimeControl "180+2"]
[Date "2023.04.04"]
[WhiteClock "0:00:30"]
[BlackClock "0:00:03"]

1. e4 c5 2. Nf3 d6 3. d4 cxd4 4. Nxd4 Nf6 5. Nc3 a6 6. Bg5 Nbd7 7. Bc4 Qb6 8. Bb3 e6 9. Qd2 Be7 10. O-O-O O-O 11. f3 Nc5 12. g4 Qc7 13. Kb1 b5 14. a3 Rb8 15. h4 Bd7 16. h5 a5 17. Be3 b4 18. axb4 axb4 19. Na2 Nxb3 20. Nxb3 Ra8 21. g5 Ne8 22. g6 Nf6 23. h6 fxg6 24. hxg7 Rf7 25. Nxb4 d5 26. exd5 Bxb4 27. Qxb4 Nxd5 28. Qh4 Rxg7 29. Bd4 e5 30. Qe4 Bc6 31. Qxe5 Qxe5 32. Bxe5 Rf7 33. Nd4 Rfa7 34. Kc1 Ra1+ 35. Kd2 Rxd1+ 36. Rxd1 Bb7 37. c4 Nb4 38. Kc3 Na2+ 39. Kb3 Ra5 40. Nb5 Bxf3 41. Rd7 Nc1+ 42. Kc2 Ne2 43. Rg7+ Kf8 44. Rxh7 Ra1 45. Nd6 Kg8 46. Rg7+ Kf8 47. Rf7+ Kg8 48. Rxf3 Ng1 49. Rg3 Ne2 50. Rxg6+ Kf8 51. Rg2 Ng1 52. Ne4 Rf1 53. Bd6+ Ke8 54. c5 Kd7 55. b4 Kc6 56. Nc3 Nf3 57. b5+ Kd7 58. Rg7+ Ke6 59. Re7+ Kf5 60. b6 Nd4+ 61. Kd3 Rd1+ 62. Kc4 Nc6 63. Rc7 Na5+ 64. Kb4 Ra1 65. b7 Nxb7 66. Rxb7 Rb1+ 67. Nxb1 1-0


[Site "https://www.chess.com"]

[Event "Titled Tuesday Blitz April 4 Late 2023"]
[White "Gerbelli Neto, Eduardo"]
[Black "Fonseca Manrique, Enrique"]
[WhiteFideId "2103281"]
[BlackFideId "5114330"]
[WhiteElo "2178"]
[BlackElo "2513"]
[Result "0-1"]
[Round "08"]
[TimeControl "180+2"]
[Date "2023.04.04"]
[WhiteClock "0:00:35"]
[BlackClock "0:00:56"]

1. e4 c5 2. Nc3 e6 3. f4 a6 4. g3 b6 5. Bg2 Bb7 6. d3 Qc7 7. Nh3 Nc6 8. O-O h5 9. f5 Bd6 10. fxe6 dxe6 11. Ng5 Nf6 12. Bf4 Ne5 13. Nf3 Nfd7 14. Nxe5 Nxe5 15. Bxe5 Bxe5 16. Qf3 h4 17. Ne2 hxg3 18. hxg3 f5 19. c3 O-O-O 20. Nf4 Bxf4 21. gxf4 c4 22. Qe3 Rxd3 23. Qe2 Rg3 24. Qf2 Rg4 0-1


[Site "https://www.chess.com"]

[Event "Titled Tuesday Blitz April 4 Late 2023"]
[White "Goffredo_Fofi"]
[Black "Figorito, Nick"]
[BlackFideId "30923689"]
[WhiteElo "2504"]
[BlackElo "2390"]
[Result "0-1"]
[Round "08"]
[TimeControl "180+2"]
[Date "2023.04.04"]
[WhiteClock "0:00:19"]
[BlackClock "0:00:26"]

1. d4 Nf6 2. Nf3 g6 3. c4 Bg7 4. Nc3 d5 5. cxd5 Nxd5 6. e4 Nxc3 7. bxc3 c5 8. Rb1 O-O 9. Be2 cxd4 10. cxd4 Qa5+ 11. Bd2 Qxa2 12. O-O Bg4 13. Bg5 h6 14. Be3 Nc6 15. d5 Rfd8 16. Rxb7 e6 17. d6 Ne5 18. Re1 Bxf3 19. gxf3 Nc4 20. Bxc4 Qxc4 21. Rxa7 Rxa7 22. Bxa7 Qa6 23. Bc5 Bf8 24. e5 Qc6 25. Be3 Bg7 26. f4 g5 27. Qh5 gxf4 28. Bxf4 Qc3 29. Re3 Qc1+ 30. Kg2 Qc6+ 31. Qf3 Qc5 32. Qe4 Kh8 33. Rg3 Rg8 34. Qe3 Qc6+ 35. Qf3 Qc2 36. Qh5 Qe4+ 37. Kh3 Qxf4 38. d7 Qf5+ 39. Qxf5 exf5 40. Rf3 Rd8 41. Rd3 Bxe5 42. Kg2 Kg7 43. h3 Kf6 44. Kf3 Ke7 45. Rd5 f6 46. Rb5 Rxd7 47. Rb6 Rd3+ 48. Kg2 Rd2 49. Rb7+ Ke6 50. Rh7 Bf4 51. Kf3 Bg5 52. h4 Bxh4 53. Rxh6 Bg5 54. Rh8 Ra2 55. Re8+ Kf7 56. Re1 Ra3+ 57. Kg2 Kg6 58. Re2 Bh4 59. Rc2 f4 60. Rb2 f3+ 61. Kh3 Bg5 62. Kg4 Rd3 63. Rc2 Rd2 64. Rxd2 Bxd2 65. Kxf3 Kf5 66. Ke2 Bh6 67. Kf3 Bg5 68. Ke2 Kf4 69. Kf1 Kf3 70. Kg1 Bh4 71. Kf1 f5 72. Ke1 Bxf2+ 73. Kf1 Bh4 74. Kg1 Ke2 75. Kg2 f4 76. Kh3 f3 0-1


[Site "https://www.chess.com"]

[Event "Titled Tuesday Blitz April 4 Late 2023"]
[White "Celestino, Rafael Teixeira"]
[Black "Mei, Austin"]
[WhiteFideId "2108925"]
[BlackFideId "30948479"]
[WhiteElo "2390"]
[BlackElo "2125"]
[Result "0-1"]
[Round "08"]
[TimeControl "180+2"]
[Date "2023.04.04"]
[WhiteClock "0:00:03"]
[BlackClock "0:00:17"]

1. e4 e5 2. Nf3 Nc6 3. Bc4 Nf6 4. Ng5 d5 5. exd5 Na5 6. Bb5+ c6 7. dxc6 bxc6 8. Qf3 Be7 9. Nc3 O-O 10. d3 Bg4 11. Qg3 cxb5 12. Nge4 Nxe4 13. Nxe4 Be6 14. h4 f5 15. Ng5 Qd7 16. Qxe5 Bb4+ 17. c3 Rae8 18. O-O Bd6 19. Qd4 Nc6 20. Qe3 Bd5 21. Qh3 h6 22. Nf3 Re2 23. Be3 Rxb2 24. a4 bxa4 25. Rxa4 Ne5 26. Rxa7 Qe8 27. Nxe5 Bxe5 28. c4 Bc6 29. d4 Bb8 30. Ra6 f4 31. d5 fxe3 32. Rxc6 exf2+ 33. Kh1 Rb1 34. g4 Qe4+ 35. Qg2 Rxf1# 0-1


[Site "https://www.chess.com"]

[Event "Titled Tuesday Blitz April 4 Late 2023"]
[White "Skaric, Djuro"]
[Black "Papayan, Oleg"]
[WhiteFideId "934569"]
[BlackFideId "4193911"]
[WhiteElo "2282"]
[BlackElo "2153"]
[Result "1-0"]
[Round "08"]
[TimeControl "180+2"]
[Date "2023.04.04"]
[WhiteClock "0:00:58"]
[BlackClock "0:00:02"]

1. g3 d5 2. Bg2 e5 3. d3 h5 4. Nf3 Nc6 5. h4 Nf6 6. O-O Bg4 7. Nc3 Qd7 8. Nh2 Bh3 9. e4 d4 10. Ne2 O-O-O 11. a3 Be7 12. b4 Bxg2 13. Kxg2 Ng4 14. Bd2 g5 15. b5 Nb8 16. Nxg4 hxg4 17. hxg5 Rh5 18. Rh1 Rdh8 19. Rxh5 Rxh5 20. Ng1 Bxg5 21. f4 exf4 22. gxf4 Bd8 23. f5 Qd6 24. Qxg4 Rh2+ 25. Kf1 Rxd2 26. Nf3 Rxc2 27. e5 Qh6 28. e6 fxe6 29. fxe6 Rc1+ 30. Rxc1 Qxc1+ 31. Kg2 Qc2+ 32. Kg3 Be7 33. Qg8+ Bd8 34. e7 Nc6 35. Qe6+ Kb8 36. e8=Q 1-0


[Site "https://www.chess.com"]

[Event "Titled Tuesday Blitz April 4 Late 2023"]
[White "Qiao, Cindy"]
[Black "Dudzinski, Pawel"]
[WhiteFideId "2620243"]
[BlackFideId "1117890"]
[WhiteElo "1777"]
[BlackElo "2099"]
[Result "0-1"]
[Round "08"]
[TimeControl "180+2"]
[Date "2023.04.04"]
[WhiteClock "0:01:18"]
[BlackClock "0:00:18"]

1. d4 d5 2. Bf4 c6 3. e3 f5 4. Nf3 e6 5. c4 Nf6 6. Nc3 Be7 7. Bd3 O-O 8. O-O Bd7 9. Ne5 Be8 10. Qb3 Qb6 11. c5 Qxb3 12. axb3 Nbd7 13. b4 Nxe5 14. Bxe5 Nd7 15. Bg3 a6 16. b5 cxb5 17. Nxb5 Nxc5 18. dxc5 Bxb5 19. Bxb5 axb5 20. b4 Bf6 21. Rab1 Ra4 22. Rfc1 Rc8 23. h3 Kf7 24. Bd6 Be7 25. Be5 Rc6 26. Bd4 Bf6 27. f4 Rca6 28. Rc2 Ke7 29. Kf2 Kd7 30. Kf3 Ra2 31. Rcb2 Rxb2 32. Rxb2 Bxd4 33. exd4 Ra3+ 34. Ke2 Rg3 35. Ke1 Rd3 36. Kf2 Rxd4 37. Kg3 g6 38. Rb3 Kc6 39. Kf3 Rc4 40. Ke3 d4+ 41. Kd3 Kd5 42. Rb1 Rc3+ 43. Kd2 Rg3 44. Re1 Rxg2+ 45. Kd3 Rg3+ 46. Kd2 Rxh3 47. Re5+ Kc4 48. Rxe6 Rh2+ 49. Ke1 Kc3 50. c6 Rh1+ 51. Ke2 d3+ 52. Ke3 Re1+ 53. Kf2 Rxe6 54. cxb7 Rb6 0-1


[Site "https://www.chess.com"]

[Event "Titled Tuesday Blitz April 4 Late 2023"]
[White "Senthilkumar, Pranav"]
[Black "Buchenau, Frank"]
[WhiteFideId "2083477"]
[BlackFideId "4604350"]
[WhiteElo "1860"]
[BlackElo "2157"]
[Result "1-0"]
[Round "08"]
[TimeControl "180+2"]
[Date "2023.04.04"]
[WhiteClock "0:01:36"]
[BlackClock "0:00:03"]

1. Nf3 Nf6 2. b3 d5 3. Bb2 Bg4 4. e3 g6 5. Be2 Bg7 6. O-O O-O 7. c4 c6 8. Nc3 Ne4 9. Qc2 Nxc3 10. Bxc3 Bf5 11. Qb2 Bxc3 12. Qxc3 Nd7 13. d4 Nf6 14. Ne5 Ne4 15. Qc1 f6 16. Nf3 Qa5 17. Rd1 Nc3 18. Qd2 Nxe2+ 19. Qxe2 Rfe8 20. Nd2 e5 21. e4 exd4 22. f3 dxe4 23. fxe4 Qc3 24. Rac1 Qe3+ 25. Qxe3 dxe3 26. exf5 exd2 27. Rxd2 Rad8 28. Rcd1 Rxd2 29. Rxd2 Kf7 30. fxg6+ hxg6 31. Kf2 Re7 32. Rd8 Ke6 33. Rg8 g5 34. g3 Kf5 35. h4 Rd7 36. Ke3 Re7+ 37. Kf3 Rd7 38. g4+ Ke5 39. Re8+ Kd4 40. h5 Rf7 41. Rg8 Kc3 42. h6 1-0


[Site "https://www.chess.com"]

[Event "Titled Tuesday Blitz April 4 Late 2023"]
[White "Prydun, Andriy"]
[Black "micke12a"]
[WhiteFideId "14145898"]
[WhiteElo "2164"]
[BlackElo "2353"]
[Result "0-1"]
[Round "08"]
[TimeControl "180+2"]
[Date "2023.04.04"]
[WhiteClock "0:00:04"]
[BlackClock "0:00:09"]

1. e4 c5 2. Nf3 d6 3. c3 Nf6 4. h3 g6 5. Bd3 Bg7 6. O-O O-O 7. Bc2 Nc6 8. d4 cxd4 9. cxd4 d5 10. e5 Ne4 11. Nbd2 Nxd2 12. Bxd2 f6 13. Bc3 fxe5 14. Nxe5 Nxe5 15. dxe5 Bf5 16. Bb3 Be6 17. Qd2 Qd7 18. Rad1 Rad8 19. Qe3 b6 20. Rd4 Qc7 21. Re1 Rd7 22. h4 Rf5 23. Rd3 Kh8 24. Bd4 Rd8 25. Rc3 Qd7 26. Rec1 Rh5 27. Rc7 Qe8 28. R1c6 Bd7 29. Rf6 exf6 30. exf6 Qxe3 31. fxe3 Bf8 32. f7+ Bg7 33. Rxd7 Rf8 34. Bxd5 Bxd4 35. exd4 Rxh4 36. Be6 Kg7 37. d5 Kf6 38. Rxa7 Rb4 39. b3 h5 40. Rc7 g5 41. Rc6 Ke5 42. Rc7 Rd4 43. Re7 Kf6 44. Re8 Kg7 45. Kf2 h4 46. Kf3 g4+ 47. Ke3 Rd1 48. Bxg4 Re1+ 49. Kf2 Rexe8 50. Be6 Re7 51. Kf3 Kf6 52. Kg4 Rxe6 53. dxe6 Kxe6 0-1


[Site "https://www.chess.com"]

[Event "Titled Tuesday Blitz April 4 Late 2023"]
[White "Romero Ruscalleda, Josep"]
[Black "Pires, Marcos Vinicius Torsani"]
[WhiteFideId "2231859"]
[BlackFideId "2118939"]
[WhiteElo "2183"]
[BlackElo "2273"]
[Result "0-1"]
[Round "08"]
[TimeControl "180+2"]
[Date "2023.04.04"]
[WhiteClock "0:00:07"]
[BlackClock "0:00:18"]

1. e4 c5 2. c3 e5 3. Nf3 Nc6 4. Bc4 Be7 5. O-O Nf6 6. Re1 O-O 7. d4 cxd4 8. cxd4 exd4 9. Nxd4 Bc5 10. Nb3 Bb4 11. Nc3 Ne5 12. Bf1 Re8 13. Bg5 Be7 14. Bf4 Ng6 15. Bg3 d6 16. Qd2 Be6 17. Rad1 Qb6 18. Nd5 Nxd5 19. exd5 Bf5 20. Nd4 Bd7 21. a3 Bf6 22. Rxe8+ Rxe8 23. f3 Qc5 24. Bf2 Qxd5 25. Qb4 a5 26. Qc4 Qxc4 27. Bxc4 Ne5 28. Ba2 Be7 29. h3 h6 30. f4 Ng6 31. f5 Ne5 32. Kh2 Nc6 33. Nxc6 Bxc6 34. g4 Rd8 35. Bb6 Rd7 36. Bxa5 d5 37. Bc3 f6 38. Bd4 Bd6+ 39. Kg2 Be5 40. Rd2 Kf7 41. Kf3 Ke7 42. Ke3 Kd6 43. Kd3 Kc7 44. Re2 Re7 45. b4 Bb5+ 46. Kd2 Bxe2 47. Bxe5+ Rxe5 0-1


[Site "https://www.chess.com"]

[Event "Titled Tuesday Blitz April 4 Late 2023"]
[White "Jovic, Stanoje"]
[Black "Kirillov, Dmitry"]
[WhiteFideId "905020"]
[BlackFideId "34180572"]
[WhiteElo "2236"]
[BlackElo "2111"]
[Result "0-1"]
[Round "08"]
[TimeControl "180+2"]
[Date "2023.04.04"]
[WhiteClock "0:00:01"]
[BlackClock "0:01:36"]

1. c4 e6 2. g3 d5 3. Bg2 Nf6 4. Nf3 Be7 5. O-O O-O 6. d4 dxc4 7. Ne5 c5 8. dxc5 Qc7 9. Nxc4 Rd8 10. Qc2 Nc6 11. Be3 Ng4 12. Nd6 Nxe3 13. fxe3 Bxd6 14. cxd6 Qxd6 15. Nc3 Qc5 16. Rxf7 Kxf7 17. Qxh7 Qxe3+ 18. Kh1 Qg5 19. Rf1+ Ke7 20. Qe4 Bd7 21. h4 Qxg3 22. Rf3 Qe5 23. Qa4 Rf8 24. Ne4 Rxf3 25. Bxf3 Rh8 26. Qa3+ Kd8 27. h5 Rxh5+ 28. Bxh5 Qxh5+ 29. Kg2 Qxe2+ 30. Nf2 Qe5 31. Qf8+ Kc7 32. b3 Qd5+ 33. Kg1 g5 34. Qg7 Nd4 0-1


[Site "https://www.chess.com"]

[Event "Titled Tuesday Blitz April 4 Late 2023"]
[White "Rodriguez Santiago, Jaime"]
[Black "Shapiro, Viktor"]
[WhiteFideId "3100898"]
[BlackFideId "4175700"]
[WhiteElo "2025"]
[BlackElo "2152"]
[Result "0-1"]
[Round "08"]
[TimeControl "180+2"]
[Date "2023.04.04"]
[WhiteClock "0:00:03"]
[BlackClock "0:00:17"]

1. c4 Nf6 2. Nc3 c5 3. g3 Nc6 4. Bg2 d6 5. e4 e6 6. Nge2 Be7 7. O-O O-O 8. d3 a6 9. h3 Rb8 10. a4 Ne8 11. Be3 Nc7 12. Rb1 b5 13. axb5 axb5 14. cxb5 Nxb5 15. Nxb5 Rxb5 16. Qd2 Qb6 17. Nc3 Rb4 18. Kh2 Ba6 19. f4 Rb8 20. Rf2 Bf6 21. e5 dxe5 22. Ne4 Be7 23. f5 exf5 24. Rxf5 f6 25. Rf2 Rd8 26. Nc3 Rxd3 27. Qe1 Bc4 28. Bf1 Rd8 29. Bxc4+ Rxc4 30. Qe2 Rb4 31. Rd1 Nd4 32. Bxd4 cxd4 33. Ne4 Rb8 34. Qg4 Rxb2 35. Rxb2 Qxb2+ 36. Rd2 Qb6 37. Rf2 Kh8 38. Qd7 Qd8 39. Qe6 Rb6 40. Qf7 Qf8 41. Qc4 Rb8 42. Qd3 Qe8 43. g4 Qg6 44. Rf5 h6 45. Ng3 Rc8 46. Nh5 Rc3 47. Qa6 Qe8 48. Qa7 Qd8 0-1


[Site "https://www.chess.com"]

[Event "Titled Tuesday Blitz April 4 Late 2023"]
[White "Erzhanov, Arman"]
[Black "Novikova, Galina"]
[WhiteFideId "4138821"]
[BlackFideId "4157095"]
[WhiteElo "2138"]
[BlackElo "1953"]
[Result "1-0"]
[Round "08"]
[TimeControl "180+2"]
[Date "2023.04.04"]
[WhiteClock "0:00:29"]
[BlackClock "0:00:26"]

1. e4 e6 2. b3 d5 3. Bb2 dxe4 4. Nc3 Nf6 5. Qe2 Nc6 6. O-O-O Nd4 7. Qe1 e5 8. Nxe4 Bf5 9. Nxf6+ gxf6 10. d3 Qd7 11. Ne2 Bc5 12. Ng3 Be6 13. Ne4 Be7 14. c3 Nc6 15. d4 O-O-O 16. d5 Bxd5 17. c4 Nd4 18. cxd5 Qxd5 19. Bc4 Qc6 20. Kb1 f5 21. Ng3 Bf6 22. Bxd4 exd4 23. Bd3 Kb8 24. Nxf5 Qxg2 25. Be4 Qg4 26. f3 Qf4 27. Qb4 c6 28. Nxd4 Qe5 29. Nxc6+ Kc7 30. Nxe5 Bxe5 31. Qxb7# 1-0


[Site "https://www.chess.com"]

[Event "Titled Tuesday Blitz April 4 Late 2023"]
[White "Rizzo, Tobias"]
[Black "Smith, Garrett L"]
[WhiteFideId "30942691"]
[BlackFideId "2024829"]
[WhiteElo "2453"]
[BlackElo "2324"]
[Result "0-1"]
[Round "08"]
[TimeControl "180+2"]
[Date "2023.04.04"]
[WhiteClock "0:00:12"]
[BlackClock "0:00:23"]

1. d4 Nf6 2. Bg5 d5 3. Bxf6 gxf6 4. e3 c5 5. c3 e6 6. Nf3 Nc6 7. Nbd2 f5 8. Be2 Bd7 9. O-O Qf6 10. g3 Bd6 11. dxc5 Bxc5 12. Nb3 Bd6 13. Nbd4 O-O-O 14. b4 h5 15. b5 Ne7 16. Rc1 Kb8 17. c4 dxc4 18. Bxc4 h4 19. Ne2 Bc8 20. Qb3 hxg3 21. fxg3 Qh6 22. Rc2 Bc5 23. Nf4 Ng6 24. Ng2 b6 25. Kh1 Bb7 26. Nf4 Ne5 27. Be2 Ng4 28. Bd1 Nxe3 29. Rxc5 Nxf1 30. Rc2 Rxd1 31. Kg2 Qxh2# 0-1


[Site "https://www.chess.com"]

[Event "Titled Tuesday Blitz April 4 Late 2023"]
[White "Kukula, Pawel"]
[Black "Wang, Alexander J"]
[WhiteFideId "1115081"]
[BlackFideId "30955270"]
[WhiteElo "2012"]
[BlackElo "2311"]
[Result "1-0"]
[Round "08"]
[TimeControl "180+2"]
[Date "2023.04.04"]
[WhiteClock "0:01:25"]
[BlackClock "0:00:31"]

1. Nc3 d5 2. e4 d4 3. Nce2 c5 4. Nf3 Nc6 5. Ng3 e6 6. Bb5 Bd7 7. O-O a6 8. Bxc6 Bxc6 9. d3 Bd6 10. Ne1 Ne7 11. f4 Qd7 12. Nf3 O-O-O 13. e5 Bc7 14. Bd2 Kb8 15. b4 cxb4 16. Bxb4 Nd5 17. Bd2 h5 18. Ne4 f5 19. Nc5 Qe7 20. Nb3 Ne3 21. Bxe3 dxe3 22. Qe2 Bb6 23. c3 Qd7 24. d4 Qd5 25. Qxe3 Bb5 26. Rfc1 Rc8 27. Nbd2 Bc4 28. Nxc4 Rxc4 29. Kh1 h4 30. h3 Ka7 31. Nd2 Rc7 32. a4 a5 33. Rab1 Rhc8 34. Rb5 Bxd4 35. cxd4 Rxc1+ 36. Kh2 Qc6 37. d5+ 1-0


[Site "https://www.chess.com"]

[Event "Titled Tuesday Blitz April 4 Late 2023"]
[White "Moore, Nicholas"]
[Black "Kohler, Aran"]
[WhiteFideId "4303709"]
[BlackFideId "1002856"]
[WhiteElo "2444"]
[BlackElo "2305"]
[Result "1-0"]
[Round "08"]
[TimeControl "180+2"]
[Date "2023.04.04"]
[WhiteClock "0:00:49"]
[BlackClock "0:00:02"]

1. d4 d5 2. c4 c6 3. Nf3 Nf6 4. e3 e6 5. b3 Nbd7 6. Bd3 Bb4+ 7. Nbd2 O-O 8. O-O Re8 9. Bb2 Bd6 10. Ne5 c5 11. Qc2 g6 12. Rad1 Bxe5 13. dxe5 Ng4 14. Nf3 Qc7 15. Qc3 Nf8 16. h3 Nh6 17. Qc1 Kg7 18. Bb1 1-0


[Site "https://www.chess.com"]

[Event "Titled Tuesday Blitz April 4 Late 2023"]
[White "Tsyhanchuk, Stanislav"]
[Black "Kovalevsky, Stanislav"]
[WhiteFideId "13505130"]
[BlackFideId "13508598"]
[WhiteElo "2173"]
[BlackElo "2174"]
[Result "1/2-1/2"]
[Round "08"]
[TimeControl "180+2"]
[Date "2023.04.04"]
[WhiteClock "0:01:11"]
[BlackClock "0:01:29"]

1. c4 e6 2. Nc3 d5 3. e3 Nf6 4. Nf3 Nbd7 5. b3 Bd6 6. Bb2 O-O 7. d4 dxc4 8. bxc4 e5 9. Be2 exd4 10. exd4 Re8 11. O-O Nf8 12. Bd3 c6 13. Re1 Ng6 14. Rxe8+ Qxe8 15. Bxg6 hxg6 16. Qd2 Bg4 17. Re1 Qd7 18. Ne5 Bxe5 19. Rxe5 Re8 20. Rxe8+ Qxe8 21. Qe3 Qxe3 22. fxe3 Be6 23. d5 cxd5 24. cxd5 Nxd5 25. Nxd5 Bxd5 26. a3 f6 27. Bd4 a6 28. g3 Kf7 29. Bb6 Ke6 30. a4 Bb3 31. a5 g5 32. Kf2 g4 33. e4 g6 34. Ke3 f5 35. exf5+ gxf5 36. Kf4 Bc2 37. Bd8 Kd5 38. Bb6 Kc4 39. Kg5 Kd3 40. Kh4 Ke2 41. h3 1/2-1/2


[Site "https://www.chess.com"]

[Event "Titled Tuesday Blitz April 4 Late 2023"]
[White "Martin Barcelo, Carles"]
[Black "Osmonbekov, Talaibek"]
[WhiteFideId "24561444"]
[BlackFideId "2017253"]
[WhiteElo "2089"]
[BlackElo "2135"]
[Result "1-0"]
[Round "08"]
[TimeControl "180+2"]
[Date "2023.04.04"]
[WhiteClock "0:01:12"]
[BlackClock "0:00:03"]

1. d4 e6 2. Nf3 f5 3. Nbd2 Nf6 4. g3 b6 5. Bg2 Bb7 6. O-O Be7 7. b3 O-O 8. Bb2 a5 9. a4 Na6 10. Re1 Qe8 11. Ne5 Bxg2 12. Kxg2 d6 13. Nd3 Nb4 14. Nxb4 axb4 15. e3 Qg6 16. Qf3 Qh6 17. Rac1 g5 18. e4 g4 19. Qe3 Qh3+ 20. Kg1 fxe4 21. Nxe4 Nd5 22. Qe2 Rf5 23. Qf1 Qh6 24. Qg2 Raf8 25. Re2 Rf3 26. Rce1 R8f5 27. Nd2 Qf8 28. Ne4 Bd8 29. Qf1 h5 30. h4 1-0


[Site "https://www.chess.com"]

[Event "Titled Tuesday Blitz April 4 Late 2023"]
[White "Baruch, Liam"]
[Black "Hajiyev, Kanan"]
[WhiteFideId "14322064"]
[BlackFideId "13404148"]
[WhiteElo "2180"]
[BlackElo "2103"]
[Result "0-1"]
[Round "08"]
[TimeControl "180+2"]
[Date "2023.04.04"]
[WhiteClock "0:00:06"]
[BlackClock "0:00:21"]

1. e4 c5 2. Nc3 d6 3. f4 g6 4. Nf3 Bg7 5. Bb5+ Bd7 6. Bxd7+ Qxd7 7. O-O Nc6 8. d3 e6 9. Qe1 Nge7 10. Ng5 Nd4 11. Qf2 O-O 12. Kh1 f5 13. Be3 e5 14. Bxd4 cxd4 15. Ne2 h6 16. Nf3 fxe4 17. dxe4 Qc6 18. fxe5 dxe5 19. Ng3 Rac8 20. Rac1 h5 21. Qd2 Rf4 22. c3 Qd7 23. cxd4 Rxc1 24. Rxc1 h4 25. Nf1 Rxe4 26. dxe5 Qxd2 27. N1xd2 Re2 28. Rc8+ Kh7 29. Kg1 Nxc8 30. Ng5+ Kg8 31. Ndf3 Rxb2 32. e6 Rxa2 33. Nxh4 Ne7 34. h3 Bd4+ 35. Kh2 Bf6 36. Ngf3 Bxh4 37. Nxh4 Kg7 38. Kg3 a5 39. Nf3 Ra3 40. Kf4 Rxf3+ 41. gxf3 a4 42. Ke5 a3 43. Kd6 Kf6 0-1


[Site "https://www.chess.com"]

[Event "Titled Tuesday Blitz April 4 Late 2023"]
[White "Veiga, Jose Francisco R P Neves"]
[Black "Antonova, Nadezhda"]
[WhiteFideId "1930087"]
[BlackFideId "14700182"]
[WhiteElo "2320"]
[BlackElo "1765"]
[Result "1-0"]
[Round "08"]
[TimeControl "180+2"]
[Date "2023.04.04"]
[WhiteClock "0:01:24"]
[BlackClock "0:00:02"]

1. e4 c6 2. Nc3 d5 3. Nf3 Bg4 4. h3 Bxf3 5. Qxf3 e6 6. d3 g6 7. Bd2 Bg7 8. g4 Ne7 9. Bg2 O-O 10. O-O Nd7 11. Qg3 d4 12. Ne2 e5 13. f4 exf4 14. Bxf4 Nc5 15. Bd6 Ne6 16. e5 Qd7 17. Nf4 Rfe8 18. Nxe6 Qxe6 19. Qf2 Rad8 20. Rae1 Nc8 21. Bc5 Bxe5 22. c3 b6 23. cxd4 bxc5 24. Rxe5 Qd7 25. Rxe8+ Rxe8 26. dxc5 Rf8 27. d4 Ne7 28. Re1 Nd5 29. Re5 Nb4 30. Qe3 Rd8 31. Re7 Qxd4 32. Qxd4 Rxd4 33. a3 Nd3 34. b4 Nf4 35. Bxc6 Nxh3+ 36. Kf1 1-0


[Site "https://www.chess.com"]

[Event "Titled Tuesday Blitz April 4 Late 2023"]
[White "Popov, Mikhail"]
[Black "Vifleemskaia, Svetlana"]
[WhiteFideId "4146182"]
[BlackFideId "4129490"]
[WhiteElo "2244"]
[BlackElo "1930"]
[Result "1-0"]
[Round "08"]
[TimeControl "180+2"]
[Date "2023.04.04"]
[WhiteClock "0:00:11"]
[BlackClock "0:00:18"]

1. d4 Nf6 2. Nf3 d5 3. c4 dxc4 4. Nc3 a6 5. e4 b5 6. e5 Nd5 7. a4 Nxc3 8. bxc3 Bb7 9. e6 fxe6 10. Be2 g6 11. Ng5 Qd6 12. Bf3 Bd5 13. axb5 Bg7 14. Qe2 e5 15. Ba3 Qd7 16. dxe5 axb5 17. O-O O-O 18. e6 Bxf3 19. Qxf3 Qc6 20. Qh3 h6 21. Nf7 Rxf7 22. exf7+ Kxf7 23. Bb4 Rxa1 24. Rxa1 Nd7 25. Re1 e6 26. Qg3 e5 27. h4 Nb6 28. Rd1 Nd5 29. Qf3+ Ke6 30. Qe4 Ne7 31. Qg4+ Kf7 32. Rd7 Bf6 33. h5 g5 34. Bxe7 Bxe7 35. Qf5+ Qf6 36. Qh7+ Ke6 37. Rxc7 Bd6 38. Qd7+ Kd5 39. Qxb5+ Ke6 40. Qxc4+ Kf5 41. g4# 1-0


[Site "https://www.chess.com"]